 Dungeon Crawl Stone Soup version 0.29.1-13-g9f3cf754e1 (webtiles) character file.

Game seed: 12399824629899363738

60 tizbic2 the Ruffian (level 4, -1/42 HPs)
             Began as an Ogre Transmuter on Feb 7, 2023.
             Killed by divine providence
             ... invoked by an orc priest
              (9 damage)
             ... on level 3 of the Dungeon.
             The game lasted 00:08:27 (2915 turns).

tizbic2 the Ruffian (Ogre Transmuter)               Turns: 2915, Time: 00:08:28

Health: -1/42      AC:  3    Str: 14    XL:     4   Next: 4%
Magic:  6/8        EV:  9    Int: 16    God:
Gold:   93         SH:  0    Dex:  9    Spells: 6/9 levels left

rFire   . . .      SeeInvis .   e - +2 whip
rCold   . . .      Faith    .   (no shield)
rNeg    . . .      Spirit   .   s - +0 robe
rPois   .          Reflect  .   (helmet currently unavailable)
rElec   .          Harm     .   (no cloak)
rCorr   .          Rampage  .   (gloves unavailable)
Will    .....                   (boots unavailable)
Stlth   +.........              (no amulet)
HPRegen 0.14/turn               (no ring)
MPRegen 0.11/turn               (no ring)

@: appendages, wereblooded
A: horns 2, talons 2, large, unfitting armour, tough skin 1
a: End Transformation


You were on level 3 of the Dungeon.
You had temporarily grown beastly horns and talons.
You visited 1 branch of the dungeon, and saw 3 of its levels.

You collected 93 gold pieces.

Inventory:

Hand Weapons
 a - a +0 vorpal sling
 e - a +2 whip (weapon)
Missiles
 i - 10 javelins
 j - 25 stones
Armour
 s - a +0 robe (worn)
Jewellery
 r - a ring of ice
Scrolls
 b - 2 scrolls of fear {unknown}
 h - 4 scrolls of amnesia
 m - 2 scrolls of immolation {unknown}
 o - a scroll of identify
 p - 2 scrolls of teleportation {unknown}
Potions
 c - a potion of attraction {unknown}
 d - a potion of curing {unknown}
 f - a potion of ambrosia
 g - a potion of mutation {unknown}
 k - a potion of flight {unknown}
 l - a potion of might {unknown}
 n - a potion of berserk rage {unknown}
 q - a potion of lignification


   Skills:
 + Level 2.3 Fighting
 * Level 1.5 Maces & Flails
 - Level 1.7 Dodging
 + Level 3.0 Unarmed Combat
 + Level 3.0 Spellcasting
 + Level 2.2 Transmutations


You had 6 spell levels left.
You knew the following spells:

 Your Spells              Type           Power      Damage    Failure   Level
a - Beastly Appendage     Tmut           18%        N/A       8%          1
b - Wereblood             Tmut           9%         N/A       12%         2

Your spell library contained the following spells:

 Spells                   Type           Power      Damage    Failure   Level
 Spider Form              Tmut/Pois      5%         N/A       34%         3
 Gell's Gravitas          Tloc           2%         N/A       50%         3
 Lesser Beckoning         Tloc           2%         N/A       50%         3
 Teleport Other           Tloc           2%         N/A       50%         3
 Ice Form                 Ice/Tmut       5%         N/A       75%         4


Dungeon Overview and Level Annotations

Branches:
Dungeon (3/15)

Altars:
Kikubaaqudgha

Annotations:
D:3 2 runed translucent doors, AverageBear's ghost, amateur DsFi


Innate Abilities, Weirdness & Mutations

You have temporarily grown beastly horns and talons.
You are too large for most types of armour.
You have tough skin. (AC +1)


Message History

An orc priest comes into view. It is wielding a +0 mace.
The orc priest shouts!
You hear a shout!
An orc comes into view. It is wielding a +0 flail.
The goblin hits you with a +0 club.
You closely miss the goblin. The goblin hits you with a +0 club.
An orc priest comes into view. It is wielding a +0 club.
You barely miss the goblin. You claw the goblin.
The goblin is severely wounded.
The goblin closely misses you.
You barely miss the goblin. You claw the goblin, but do no damage.
The goblin is severely wounded.
The goblin hits you with a +0 club.
You hit the orc priest but do no damage.
You claw the orc priest, but do no damage.
The orc priest hits you with a +0 dagger.
The goblin hits you with a +0 club.
You hit the orc priest but do no damage.
You headbutt the orc priest.
The orc priest is lightly wounded.
The goblin hits you with a +0 club.
The orc priest invokes the aid of Beogh against you.
Beogh smites you!
* * * LOW HITPOINT WARNING * * *
The orc priest looks satisfied for a moment.
Casting: Beastly Appendage (safe; 8% risk of failure)
Confirm with . or Enter, or press ? or * to list all spells.
Your blood is infused with primal strength.
The goblin completely misses you.
An orc comes into view. It is wielding a +0 trident.
The orc priest mumbles some strange prayers to Beogh against you.
Pain shoots through your body!
* * * LOW HITPOINT WARNING * * *
The orc priest barely misses you.
The orc shouts!
You hit the orc priest but do no damage.
You headbutt the orc priest.
The orc priest is heavily wounded.
The orc priest invokes the aid of Beogh against you.
Beogh smites you!
You die...

#....# #....#
#....# #....#
#....###
####......#
#.........#
#.........#
#.....@o..#
#.....g...#
#.......oo....
#.........#...
..........o...o
##.(.....###.#.
#........ ...
####.###. ..


You could see 3 orc priests, 2 orcs and a goblin.

Vanquished Creatures
  An adder (D:3)
  An orc (D:3)
  4 ball pythons
  4 bats (D:1)
  4 endoplasms
  3 giant cockroaches
  7 goblins
  4 hobgoblins
  4 jackals (D:1)
  2 quokkas (D:1)
  2 frilled lizards (D:1)
  3 kobolds (D:1)
  2 rats
41 creatures vanquished.

Notes
Turn   | Place    | Note
-------+----------+-------------------------------------------
     0 | D:1      | tizbic2 the Ogre Transmuter began the quest for the Orb.
     0 | D:1      | Reached XP level 1. HP: 19/19 MP: 3/3
   237 | D:1      | Reached XP level 2. HP: 17/27 MP: 5/5
   839 | D:1      | Reached skill level 1 in Maces & Flails
  1052 | D:1      | Reached XP level 3. HP: 28/35 MP: 5/7
  2017 | D:2      | Found a faded altar of an unknown god.
  2476 | D:2      | Found an ancient bone altar of Kikubaaqudgha.
  2604 | D:2      | Learned a level 2 spell: Wereblood
  2730 | D:3      | Found a runed translucent door.
  2730 | D:3      | Noticed AverageBear's ghost (amateur DsFi)
  2748 | D:3      | Reached XP level 4. HP: 42/42 MP: 6/8
  2749 | D:3      | Found a runed translucent door.
  2753 | D:3      | Noticed a bullfrog
  2915 | D:3      | Killed from afar by an orc priest

Illustrated notes

Levels and vault maps discovered:
D:1:      giann_forest_graveyard, layout_basic
D:2:      layout_rooms, basic_altar, ebering_ecumenical_altar_mist
D:3:      layout_basic, ebering_ghost_sewer_f,
          amcnicky_mini_rare_corridor_liquid

Skill      XL: |  1  2  3 |
---------------+----------+-----
Transmutations | 2 |  2.2
Maces & Flails | 1 |  1.5
Fighting       | 2 |  2.3
Unarmed Combat | 3 |  3.0
Spellcasting   | 3 |  3.0
Dodging        | |  1.7

Action                   |  1- 3 |  4- 6 || total
-------------------------+-------+-------++-------
Melee: Club              |   130 |       ||   130
       Kick              |    15 |     3 ||    18
       Headbutt          |    14 |     2 ||    16
       Unarmed           |     1 |       ||     1
       Whip              |    21 |     8 ||    29
 Fire: Sling             |    10 |       ||    10
 Cast: Beastly Appendage |    23 |     2 ||    25
       Wereblood         |     1 |     1 ||     2
  Use: Potion            |     1 |       ||     1
       Scroll            |     4 |       ||     4
Armor: Robe              |    51 |       ||    51
       Skin              |    45 |       ||    45
Dodge: Dodged            |    85 |     3 ||    88
